Description

Notes:

  • Never make more than 22 probes
  • Send one probe after your first gateway
  • Send another probe after the cybernetic core
  • With your first probe: Make the pylon and scout (if you can steal the gas, do it)
  • With the second probe: Make 2 robotic
  • Add 1 Stalker + wg then another stalker
  • Try to attack with 2 stalkers + 1 immo + warp prism
  • After the first attack: Full immortal production

VOD

https://youtu.be/Bv9FMPd_6Tc

Replay - CrKharloz v llllllllllll - Eternal Empire LE

Build Order

Get SALT Encoding   

  12  0:01  Probe  
  13  0:13  Probe  
  14  0:17  Pylon  
  14  0:25  Probe (Chrono Boost)  
  16  0:36  Probe (Chrono Boost)  
  16  0:38  Gateway  
  16  0:41  Probe  
  16  0:47  Assimilator  
  17  0:53  Probe  
  17  0:57  Assimilator  
  18  1:05  Probe  
  19  1:16  Pylon  
  19  1:17  Probe  
  20  1:25  Cybernetics Core  
  20  1:29  Probe  
  21  1:46  Assimilator  
  21  1:51  Probe  
  22  2:05  Robotics Facility x2  
  22  2:09  Stalker (Chrono Boost)  
  23  2:22  Warp Gate  
  23  2:32  Stalker  
  25  2:45  Pylon  
  25  2:55  Immortal (Chrono Boost)  
  29  3:02  Warp Prism (Chrono Boost)  
  31  3:25  Immortal  
  35  3:44  Immortal  
  37  3:56  Pylon  
  37  4:15  Immortal  
  41  4:32  Immortal  
  45  5:01  Immortal, Pylon  
  41  5:23  Warp Prism (Chrono Boost)  
  38  5:52  Immortal x2 (Chrono Boost)  
  42  6:13  Adept  
Spawning Tool Build Advisor. Get it on Overwolf

Go to:

Details

  • Created by: zuka      
  • Published on: Feb 10, 2020
  • Modified on: Feb 10, 2020
  • Patch: 4.11.0
Show
View Real Time Build Order
Export as new Build Order

Comments (1)

On June 4, 2020, 4:34 a.m., FullSend  said:

thx 4 doing that zuka ur 1 of the best ʕ •ᴥ•ʔ

Create an account to comment!